 Dungeon Crawl Stone Soup version 0.24.0-2-g5b39cebb1c (webtiles) character file.

Game seed: 14381704441165395422, levelgen mode: deterministic

36 Masnef the Caller (level 3, -2/19 HPs)
             Began as a Deep Elf Summoner on Oct 31, 2019.
             Slain by a kobold
             ... wielding a +0 dagger
              (5 damage)
             ... on level 2 of the Dungeon.
             The game lasted 00:03:15 (1943 turns).

Masnef the Caller (Deep Elf Summoner)               Turns: 1943, Time: 00:03:16

Health: -2/19      AC:  3    Str:  5    XL:     3   Next: 19%
Magic:  1/9        EV: 13    Int: 20    God:
Gold:   72         SH:  0    Dex: 15    Spells: 5/8 levels left

rFire    . . .     SeeInvis .   e - +0 spear (freeze)
rCold    . . .     Gourm    .   (no shield)
rNeg     . . .     Faith    .   a - +0 robe
rPois    .         Spirit   .   (no helmet)
rElec    .         Reflect  .   (no cloak)
rCorr    .         Harm     .   h - +0 pair of gloves
MR       .....                  (no boots)
Stlth    ++........             (no amulet)
HPRegen  0.06/turn              (no ring)
MPRegen  0.11/turn              (no ring)

@: very slightly contaminated
A: no striking features
a: no special abilities


You were on level 2 of the Dungeon.
You were not hungry.

You visited 1 branch of the dungeon, and saw 2 of its levels.

You collected 72 gold pieces.

Inventory:

Hand Weapons
 e - a +0 spear of freezing (weapon)
 f - a +0 dagger
Armour
 a - a +0 robe (worn)
 h - a +0 pair of gloves (worn)
Jewellery
 j - an uncursed amulet of rage {unknown}
Scrolls
 d - a scroll of fog {unknown}
 i - a scroll of enchant weapon {unknown}
Potions
 b - 3 potions of mutation {unknown}
 g - a potion of flight {unknown}
Comestibles
 c - a ration


   Skills:
 * Level 0.3 Short Blades
 + Level 2.5 Dodging
 + Level 2.6 Stealth
 + Level 3.0 Spellcasting
 + Level 5.4 Summonings


You had 5 spell levels left.
You knew the following spells:

 Your Spells              Type           Power        Failure   Level  Hunger
a - Summon Small Mammal   Summ           ###.         1%          1    None
b - Call Imp              Summ           ###.....     2%          2    ##.....

Your spell library contained the following spells:

 Spells                   Type           Power        Failure   Level  Hunger
 Call Canine Familiar     Summ           ###.....     4%          3    ###....
 Summon Guardian Golem    Hex/Summ       ##......     14%         3    ###....
 Summon Ice Beast         Ice/Summ       ##......     43%         4    ####...
 Summon Lightning Spire   Summ/Air       ##......     43%         4    ####...


Dungeon Overview and Level Annotations

Branches:
Dungeon (2/15)

Altars:
Ashenzari


Message History

The kobold is severely wounded.
The kobold hits you but does no damage.
Casting: Call Imp (safe; 2% risk of failure)
Confirm with . or Enter, or press ? or * to list all spells.
A beastly little devil appears in a puff of flame.
The kobold hits you with a +0 dagger.
You barely miss the kobold.
The kobold is severely wounded.
The kobold closely misses you.
Your crimson imp misses the kobold.
Something bites your crimson imp but does no damage.
You hit the kobold but do no damage.
The kobold is severely wounded.
The kobold hits you with a +0 dagger.
* * * LOW HITPOINT WARNING * * *
Your crimson imp hits the kobold but does no damage.
Your crimson imp blinks!
You barely miss the kobold.
The kobold is severely wounded.
The kobold hits you with a +0 dagger.
You die...

#..........(. ####.#.>...##
#........# ### #...###### ..#
#...# # #.# #...# ..####### #.#
#...###### #.......# ###.#####
#........# #..)....#
#....K@.#####..(####.#
#.......###.#.##5........†.......
#...............5................
#.......###......................
#.......# #.#.##..#####...####.##
#.......# #.......# #...... #
######### #.##.#5## #...###
#.##.#.# #...# #......# ....


You could see a kobold and 3 friendly crimson imps.

Vanquished Creatures
  3 dart slugs (D:1)
  2 leopard geckos
  A giant cockroach (D:1)
  4 goblins
  2 hobgoblins (D:1)
  A quokka (D:2)
  3 bats (D:1)
  5 kobolds
  2 rats
23 creatures vanquished.

Vanquished Creatures (collateral kills)
  A goblin (D:2)
  A hobgoblin (D:1)
  A bat (D:2)
  A rat (D:1)
4 creatures vanquished.

Grand Total: 27 creatures vanquished

Notes
Turn   | Place    | Note
-------+----------+-------------------------------------------
     0 | D:1      | Masnef the Deep Elf Summoner began the quest for the Orb.
     0 | D:1      | Reached XP level 1. HP: 10/10 MP: 6/6
   578 | D:1      | Found a shattered altar of Ashenzari.
   583 | D:1      | Reached XP level 2. HP: 15/15 MP: 8/8
   671 | D:1      | Reached skill level 5 in Summonings
   691 | D:1      | Learned a level 2 spell: Call Imp
  1439 | D:2      | Reached XP level 3. HP: 12/19 MP: 9/9
  1943 | D:2      | Slain by a kobold

Levels and vault maps discovered:
D:1:      shiori_arrival_elements, layout_basic, hangedman_glass_teeth,
          minmay_tree_intersection, nicolae_ashenzari_panopticon
D:2:      layout_loops_cross, uniq_terence

Skill      XL: |  1  2 |
---------------+-------+-----
Summonings     | 5 |  5.4
Short Blades   | |  0.3
Dodging        | |  2.5
Stealth        | |  2.6
Spellcasting   | |  3.0

Action                   || total
-------------------------++-------
Melee: Spear             ||   121
       Unarmed           ||     7
 Cast: Summon Small Mamm ||     3
       Call Imp          ||    12
 Stab: Sleeping          ||     6
       Distracted        ||     1
  Eat: Ration            ||     1
Armor: Robe              ||    20
Dodge: Dodged            ||    75
